Description

Roach

Build Order

Get SALT Encoding   

  16  0:51  Hatchery  Drone 32~34
  21  2:00  Queen x2  
  36  2:57  Lair  
  35  2:45  Queen  
  43  3:20  Extractor  
  44  3:30  Queen  
  48  4:00  Queen  
  46  3:45  Roach Warren  
  46  3:49   Nydus Canal  
  50  4:15  Queen  
  64  4:40  Nydus Network  
  66  4:41  Roach x7  
Spawning Tool Build Advisor. Get it on Overwolf

Go to:

Details

  • Created by: Cloudless
  • Published on: Aug 01, 2018
  • Modified on: Oct 17, 2019
  • Patch: 4.0.0
Show
View Real Time Build Order
Export as new Build Order

Comments (2)

On Aug. 15, 2018, 3:09 a.m., Tristan107  said:

and probably missing a 3rd hatch before the cheese.

On Aug. 15, 2018, 3:08 a.m., Tristan107  said:

This build is missing at least first extractor and pool.

Create an account to comment!